[ AOE2 MATCH · #462748856 ]
UnrankedGurjaras vs Britons
[ REPLAY ANALYSIS · EXTRACTED FROM THE RECORDED GAME ]
Feudal
12:04
Castle
24:22
Imperial
—
| APM avg | 19.2 |
| APM peak | 60 |
| eAPM avg | 11.1 |
| Villagers / military | 92 / 32 |
Focus
⚔️ 22.5% · 🌾 77.5%
Scout Cavalry ×11 · Camel Scout ×10 · Spearman ×6 · Mangonel ×2 · Skirmisher ×2 · Monk ×1
Feudal
—
Castle
—
Imperial
—
| APM avg | 23.5 |
| APM peak | 56 |
| eAPM avg | 11.0 |
| Villagers / military | 112 / 64 |
Focus
⚔️ 22.9% · 🌾 77.1%
Archer ×55 · Trebuchet (Packed) ×5 · Monk ×2 · Spearman ×2
Feudal
9:16
Castle
20:02
Imperial
40:17
| APM avg | 30.9 |
| APM peak | 64 |
| eAPM avg | 14.8 |
| Villagers / military | 122 / 111 |
Focus
⚔️ 30.2% · 🌾 69.8%
Knight ×67 · Skirmisher ×37 · Monk ×4 · Spearman ×3
Feudal
9:44
Castle
25:41
Imperial
—
| APM avg | 24.9 |
| APM peak | 47 |
| eAPM avg | 11.2 |
| Villagers / military | 82 / 159 |
Focus
⚔️ 36.1% · 🌾 63.9%
Spearman ×118 · Mangudai ×26 · Militia ×14 · Monk ×1
Match map
Initial resources + every placement click. Lines = walls · curves = elevation contours. ◆ gold · ⬟ stone · ● berries · ✦ relic · ◌ wall gap
Your base· Open — unwalled flank
NachoFries4886's base· Open — unwalled flank
mrbubbles019's base· Open — unwalled flank
dntcrysomuch's base· Open — 6t gap
Smoothed initial terrain · ◌ = detected wall gap · hover for details
Inputs per minute
— flaggy flexi - - NachoFries4886
Build order — flaggy flexi
First 150 of 232 actions detected
| 0:05 | Create | Villager (Male) |
| 0:06 | Create | Villager (Male) |
| 0:06 | Create | Villager (Male) |
| 0:06 | Create | Villager (Male) |
| 0:07 | Create | Villager (Male) |
| 0:09 | Build | House |
| 0:11 | Build | House |
| 0:44 | Build | Mill |
| 1:54 | Create | Villager (Male) |
| 1:54 | Create | Villager (Male) |
| 2:17 | Create | Villager (Male) |
| 2:17 | Create | Villager (Male) |
| 2:54 | Create | Villager (Male) |
| 2:55 | Create | Villager (Male) |
| 2:55 | Create | Villager (Male) |
| 3:23 | Create | Villager (Male) |
| 4:02 | Create | Villager (Male) |
| 4:02 | Create | Villager (Male) |
| 4:02 | Create | Villager (Male) |
| 4:03 | Create | Villager (Male) |
| 4:18 | Build | Mill |
| 4:42 | Build | House |
| 5:31 | Create | Villager (Male) |
| 5:31 | Create | Villager (Male) |
| 5:31 | Create | Villager (Male) |
| 5:47 | Create | Villager (Male) |
| 5:47 | Create | Villager (Male) |
| 5:55 | Create | Villager (Male) |
| 5:55 | Create | Villager (Male) |
| 6:22 | Build | Mill |
| 6:30 | Create | Villager (Male) |
| 6:30 | Create | Villager (Male) |
| 6:31 | Create | Villager (Male) |
| 6:34 | Build | House |
| 7:13 | Create | Villager (Male) |
| 7:13 | Create | Villager (Male) |
| 7:51 | Build | Lumber Camp |
| 8:40 | Create | Villager (Male) |
| 8:42 | Create | Villager (Male) |
| 8:47 | Build | House |
| 8:49 | Build | House |
| 9:09 | Build | House |
| 9:44 | Build | Barracks |
| 9:54 | Research | Feudal Age |
| 10:12 | Build | House |
| 11:33 | Build | Lumber Camp |
| 11:43 | Create | Villager (Male) |
| 11:43 | Create | Villager (Male) |
| 11:43 | Create | Villager (Male) |
| 11:44 | Create | Villager (Male) |
| 12:04 | Age | Feudal Age |
| 12:19 | Build | Stable |
| 12:30 | Build | Palisade Wall |
| 12:36 | Build | Palisade Gate |
| 12:42 | Build | House |
| 13:12 | Build | Stable |
| 13:18 | Build | Blacksmith |
| 13:23 | Build | Palisade Gate |
| 13:39 | Create | Villager (Male) |
| 13:40 | Create | Villager (Male) |
| 13:40 | Create | Villager (Male) |
| 13:44 | Create | Scout Cavalry |
| 13:45 | Create | Scout Cavalry |
| 13:47 | Create | Scout Cavalry |
| 13:47 | Create | Scout Cavalry |
| 13:48 | Research | Bloodlines |
| 14:15 | Build | Palisade Wall |
| 14:28 | Create | Villager (Male) |
| 14:28 | Create | Villager (Male) |
| 14:38 | Build | Stable |
| 14:43 | Build | Mining Camp |
| 14:54 | Create | Scout Cavalry |
| 14:54 | Create | Scout Cavalry |
| 14:56 | Create | Villager (Male) |
| 14:57 | Create | Villager (Male) |
| 16:06 | Build | Farm |
| 16:07 | Build | Farm |
| 16:07 | Build | Farm |
| 16:08 | Build | Farm |
| 16:08 | Build | Farm |
| 16:08 | Build | Farm |
| 16:10 | Build | Farm |
| 16:16 | Create | Villager (Male) |
| 16:16 | Create | Villager (Male) |
| 16:17 | Create | Villager (Male) |
| 16:45 | Build | Watch Tower |
| 16:50 | Build | Lumber Camp |
| 17:30 | Research | Scale Barding Armor |
| 17:31 | Research | Forging |
| 17:59 | Create | Villager (Male) |
| 17:59 | Create | Villager (Male) |
| 17:59 | Create | Villager (Male) |
| 18:49 | Build | Farm |
| 18:50 | Build | Farm |
| 18:50 | Build | Farm |
| 18:50 | Build | Farm |
| 18:50 | Build | Farm |
| 18:51 | Build | Farm |
| 18:51 | Build | Farm |
| 18:51 | Build | Farm |
| 18:52 | Build | Farm |
| 18:52 | Build | Farm |
| 18:52 | Build | Farm |
| 18:53 | Build | Farm |
| 18:59 | Create | Spearman |
| 18:59 | Create | Spearman |
| 18:59 | Create | Spearman |
| 19:07 | Build | Farm |
| 19:07 | Build | Farm |
| 19:07 | Build | Farm |
| 19:08 | Build | Farm |
| 19:08 | Build | Farm |
| 19:08 | Build | Farm |
| 19:08 | Build | Farm |
| 19:18 | Research | Horse Collar |
| 19:22 | Create | Villager (Male) |
| 19:22 | Create | Villager (Male) |
| 19:22 | Create | Villager (Male) |
| 19:23 | Create | Villager (Male) |
| 19:45 | Build | Farm |
| 19:55 | Build | Farm |
| 20:08 | Build | House |
| 20:11 | Build | House |
| 20:13 | Build | House |
| 20:16 | Build | House |
| 21:40 | Build | Mining Camp |
| 21:42 | Research | Castle Age |
| 21:43 | Research | Castle Age |
| 21:55 | Build | Stone Wall |
| 22:05 | Build | Lumber Camp |
| 22:24 | Research | Stone Mining |
| 22:26 | Research | Double-Bit Axe |
| 22:36 | Build | House |
| 22:41 | Build | Farm |
| 22:56 | Build | Gate |
| 23:10 | Build | Stone Wall |
| 24:18 | Create | Spearman |
| 24:18 | Create | Spearman |
| 24:18 | Create | Spearman |
| 24:22 | Age | Castle Age |
| 24:52 | Build | Archery Range |
| 25:06 | Build | Siege Workshop |
| 25:09 | Build | Archery Range |
| 25:14 | Research | Wheelbarrow |
| 25:15 | Create | Villager (Male) |
| 25:15 | Create | Villager (Male) |
| 25:16 | Create | Villager (Male) |
| 25:16 | Create | Villager (Male) |
| 25:16 | Create | Villager (Male) |
| 25:17 | Create | Villager (Male) |
Build order — NachoFries4886
First 150 of 267 actions detected
| 0:04 | Create | Villager (Male) |
| 0:04 | Create | Villager (Male) |
| 0:04 | Create | Villager (Male) |
| 0:05 | Research | Loom |
| 0:06 | Build | House |
| 0:08 | Build | House |
| 0:09 | Create | Villager (Male) |
| 1:10 | Build | House |
| 1:10 | Build | House |
| 2:14 | Create | Villager (Male) |
| 2:18 | Build | House |
| 2:19 | Build | House |
| 2:39 | Create | Villager (Male) |
| 2:39 | Create | Villager (Male) |
| 3:30 | Create | Villager (Male) |
| 3:30 | Create | Villager (Male) |
| 4:03 | Create | Villager (Male) |
| 4:20 | Create | Villager (Male) |
| 4:21 | Create | Villager (Male) |
| 4:27 | Build | Lumber Camp |
| 4:29 | Create | Villager (Male) |
| 4:55 | Create | Villager (Male) |
| 5:21 | Create | Villager (Male) |
| 5:55 | Create | Villager (Male) |
| 5:55 | Create | Villager (Male) |
| 6:15 | Build | Mill |
| 6:19 | Create | Villager (Male) |
| 6:19 | Create | Villager (Male) |
| 8:26 | Create | Villager (Male) |
| 8:26 | Create | Villager (Male) |
| 8:26 | Create | Villager (Male) |
| 8:27 | Create | Villager (Male) |
| 8:42 | Build | Mill |
| 9:13 | Create | Villager (Male) |
| 9:14 | Create | Villager (Male) |
| 10:34 | Build | Mining Camp |
| 10:44 | Create | Villager (Male) |
| 10:48 | Research | Feudal Age |
| 11:48 | Build | House |
| 11:49 | Build | House |
| 12:47 | Create | Villager (Male) |
| 12:47 | Create | Villager (Male) |
| 12:47 | Create | Villager (Male) |
| 12:48 | Create | Villager (Male) |
| 13:05 | Build | Barracks |
| 13:40 | Build | Blacksmith |
| 14:18 | Create | Villager (Male) |
| 14:18 | Create | Villager (Male) |
| 14:24 | Build | Farm |
| 14:45 | Build | Archery Range |
| 14:47 | Build | Archery Range |
| 14:57 | Research | Double-Bit Axe |
| 15:52 | Research | Castle Age |
| 15:55 | Create | Archer |
| 15:55 | Create | Archer |
| 16:14 | Build | Farm |
| 16:16 | Create | Archer |
| 16:17 | Create | Archer |
| 16:17 | Create | Archer |
| 16:23 | Research | Gold Mining |
| 16:45 | Build | Farm |
| 16:46 | Build | Farm |
| 16:51 | Create | Archer |
| 16:51 | Create | Archer |
| 16:52 | Create | Archer |
| 18:43 | Create | Archer |
| 18:46 | Create | Villager (Male) |
| 18:47 | Create | Villager (Male) |
| 19:11 | Create | Villager (Male) |
| 19:12 | Create | Villager (Male) |
| 19:12 | Create | Villager (Male) |
| 19:13 | Create | Villager (Male) |
| 19:13 | Create | Villager (Male) |
| 19:43 | Build | Town Center |
| 19:50 | Research | Crossbowman (upgrade) |
| 19:58 | Create | Archer |
| 19:58 | Create | Archer |
| 20:03 | Create | Villager (Male) |
| 20:04 | Create | Villager (Male) |
| 20:24 | Create | Spearman |
| 20:26 | Create | Spearman |
| 20:31 | Create | Archer |
| 20:31 | Create | Archer |
| 20:39 | Create | Villager (Male) |
| 20:52 | Create | Archer |
| 20:52 | Create | Archer |
| 21:02 | Create | Villager (Male) |
| 21:02 | Create | Villager (Male) |
| 21:28 | Create | Archer |
| 21:29 | Create | Archer |
| 21:32 | Build | House |
| 21:33 | Build | House |
| 21:40 | Build | Farm |
| 21:51 | Build | Town Center |
| 21:58 | Create | Villager (Male) |
| 21:58 | Create | Villager (Male) |
| 22:07 | Create | Archer |
| 22:08 | Create | Archer |
| 22:08 | Create | Archer |
| 22:54 | Create | Villager (Male) |
| 22:59 | Build | House |
| 22:59 | Build | House |
| 23:00 | Build | House |
| 23:12 | Build | House |
| 23:12 | Build | House |
| 23:14 | Build | House |
| 23:16 | Build | Farm |
| 23:18 | Build | Farm |
| 23:32 | Research | Padded Archer Armor |
| 23:32 | Research | Fletching |
| 23:37 | Build | Farm |
| 24:07 | Create | Villager (Male) |
| 24:12 | Build | Farm |
| 24:13 | Build | Farm |
| 24:14 | Build | Farm |
| 24:50 | Build | Farm |
| 24:51 | Create | Villager (Male) |
| 24:52 | Create | Villager (Male) |
| 25:19 | Create | Villager (Male) |
| 25:20 | Create | Villager (Male) |
| 25:20 | Create | Villager (Male) |
| 25:50 | Build | Farm |
| 25:53 | Build | Farm |
| 25:54 | Create | Villager (Male) |
| 25:54 | Create | Villager (Male) |
| 26:09 | Build | Farm |
| 26:13 | Build | Farm |
| 26:14 | Build | Farm |
| 26:16 | Create | Villager (Male) |
| 26:34 | Build | Farm |
| 26:35 | Create | Villager (Male) |
| 26:39 | Create | Villager (Male) |
| 28:01 | Research | Fletching |
| 28:01 | Research | Leather Archer Armor |
| 28:01 | Research | Fletching |
| 28:04 | Create | Villager (Male) |
| 28:04 | Create | Villager (Male) |
| 28:04 | Create | Villager (Male) |
| 28:14 | Build | Town Center |
| 28:19 | Research | Town Watch |
| 28:23 | Build | University |
| 28:44 | Create | Villager (Male) |
| 28:45 | Create | Villager (Male) |
| 28:45 | Create | Villager (Male) |
| 28:56 | Build | Town Center |
| 29:02 | Create | Villager (Male) |
| 29:02 | Create | Villager (Male) |
| 29:07 | Build | Farm |
| 29:58 | Research | Ballistics |
| 30:02 | Research | Bodkin Arrow |
Build order — mrbubbles019
First 150 of 352 actions detected
| 0:01 | Create | Villager (Male) ×5 |
| 0:03 | Build | House |
| 0:04 | Build | House |
| 0:18 | Create | Villager (Male) |
| 1:25 | Create | Villager (Male) |
| 1:46 | Build | Lumber Camp |
| 2:07 | Create | Villager (Male) |
| 2:52 | Create | Villager (Male) |
| 2:55 | Create | Villager (Male) |
| 3:02 | Build | House |
| 3:39 | Create | Villager (Male) |
| 4:01 | Create | Villager (Male) |
| 4:01 | Create | Villager (Male) |
| 4:13 | Create | Villager (Male) |
| 5:08 | Create | Villager (Male) |
| 5:16 | Create | Villager (Male) |
| 5:23 | Create | Villager (Male) |
| 5:43 | Create | Villager (Male) |
| 5:59 | Build | Mill |
| 6:02 | Create | Villager (Male) |
| 6:43 | Create | Villager (Male) |
| 7:05 | Research | Feudal Age |
| 7:47 | Build | House |
| 8:17 | Create | Villager (Male) |
| 8:18 | Create | Villager (Male) |
| 8:48 | Build | Barracks |
| 8:55 | Create | Villager (Male) |
| 9:16 | Age | Feudal Age |
| 9:17 | Research | Double-Bit Axe |
| 9:38 | Create | Spearman |
| 9:38 | Create | Spearman |
| 9:46 | Create | Villager (Male) |
| 10:09 | Create | Spearman |
| 10:18 | Build | Mining Camp |
| 10:22 | Build | House |
| 10:27 | Create | Villager (Male) |
| 10:36 | Research | Loom |
| 10:39 | Create | Villager (Male) |
| 10:39 | Create | Villager (Male) |
| 11:09 | Create | Villager (Male) |
| 11:33 | Build | Stable |
| 11:51 | Build | Mill |
| 11:58 | Create | Villager (Male) |
| 12:18 | Create | Villager (Male) |
| 12:44 | Create | Villager (Male) |
| 13:12 | Research | Town Watch |
| 13:15 | Build | House |
| 13:17 | Build | House |
| 13:17 | Build | House |
| 13:27 | Build | Mill |
| 13:41 | Build | Blacksmith |
| 13:43 | Create | Villager (Male) |
| 13:44 | Create | Villager (Male) |
| 13:51 | Create | Villager (Male) |
| 14:34 | Create | Villager (Male) |
| 14:57 | Create | Villager (Male) |
| 15:05 | Research | Horse Collar |
| 15:08 | Build | Farm |
| 15:11 | Build | Farm |
| 15:14 | Build | Farm |
| 15:19 | Create | Villager (Male) |
| 15:38 | Build | Farm |
| 17:22 | Research | Castle Age |
| 18:37 | Build | Stable |
| 19:15 | Build | House |
| 19:17 | Build | House |
| 20:02 | Age | Castle Age |
| 20:03 | Create | Knight |
| 20:04 | Create | Knight |
| 20:04 | Create | Knight |
| 20:04 | Create | Knight |
| 20:04 | Create | Knight |
| 20:05 | Create | Knight |
| 20:11 | Build | Town Center |
| 20:59 | Research | Scale Barding Armor |
| 21:04 | Create | Villager (Male) |
| 21:10 | Build | Farm |
| 21:24 | Create | Villager (Male) |
| 21:24 | Create | Villager (Male) |
| 21:24 | Create | Villager (Male) |
| 21:24 | Create | Villager (Male) |
| 21:29 | Build | Farm |
| 21:31 | Build | Farm |
| 21:42 | Create | Villager (Male) |
| 21:42 | Create | Villager (Male) |
| 21:43 | Create | Villager (Male) |
| 21:43 | Create | Villager (Male) |
| 21:53 | Create | Knight |
| 22:24 | Create | Knight |
| 23:05 | Create | Villager (Male) |
| 23:05 | Create | Villager (Male) |
| 23:05 | Create | Villager (Male) |
| 23:09 | Build | Farm |
| 23:12 | Build | Farm |
| 23:18 | Build | Farm |
| 23:33 | Build | House |
| 23:34 | Build | House |
| 23:35 | Build | House |
| 24:02 | Create | Knight |
| 24:02 | Create | Knight |
| 24:03 | Create | Villager (Male) |
| 24:04 | Create | Villager (Male) |
| 24:04 | Create | Villager (Male) |
| 24:10 | Build | Farm |
| 24:10 | Build | Farm |
| 24:10 | Build | Farm |
| 24:11 | Build | Farm |
| 24:11 | Build | Farm |
| 24:12 | Build | Farm |
| 24:12 | Build | Farm |
| 24:13 | Build | Farm |
| 24:13 | Build | Farm |
| 24:17 | Build | Farm |
| 24:21 | Create | Villager (Male) |
| 24:21 | Create | Villager (Male) |
| 24:42 | Create | Knight |
| 24:58 | Build | Farm |
| 24:59 | Build | Farm |
| 25:00 | Build | Farm |
| 25:01 | Build | Farm |
| 25:02 | Build | Farm |
| 25:02 | Build | Farm |
| 25:06 | Create | Villager (Male) |
| 25:06 | Create | Villager (Male) |
| 25:45 | Create | Knight |
| 25:45 | Create | Knight |
| 25:55 | Create | Villager (Male) |
| 25:55 | Create | Villager (Male) |
| 25:55 | Create | Villager (Male) |
| 25:55 | Create | Villager (Male) |
| 25:56 | Create | Villager (Male) |
| 26:11 | Build | Monastery |
| 26:15 | Research | Gold Mining |
| 26:34 | Research | Bow Saw |
| 26:34 | Research | Bow Saw |
| 26:44 | Create | Monk |
| 26:50 | Create | Villager (Male) |
| 26:50 | Create | Villager (Male) |
| 26:50 | Create | Villager (Male) |
| 27:15 | Build | Town Center |
| 27:20 | Create | Villager (Male) |
| 27:20 | Create | Villager (Male) |
| 27:20 | Create | Villager (Male) |
| 27:21 | Create | Villager (Male) |
| 27:44 | Research | Forging |
| 27:52 | Build | House |
| 27:53 | Build | House |
| 28:11 | Build | House |
| 28:13 | Build | House |
| 28:14 | Build | House |
Build order — dntcrysomuch
First 150 of 253 actions detected
| 0:02 | Build | House |
| 0:04 | Build | House |
| 0:04 | Create | Villager (Male) |
| 0:05 | Create | Villager (Male) |
| 0:36 | Create | Villager (Male) |
| 0:36 | Create | Villager (Male) |
| 0:36 | Create | Villager (Male) |
| 1:45 | Create | Villager (Male) |
| 2:28 | Create | Villager (Male) |
| 2:29 | Create | Villager (Male) |
| 2:40 | Create | Villager (Male) |
| 3:12 | Create | Villager (Male) |
| 3:53 | Create | Villager (Male) |
| 4:16 | Create | Villager (Male) |
| 4:42 | Build | House |
| 5:04 | Create | Villager (Male) |
| 5:05 | Create | Villager (Male) |
| 5:16 | Create | Villager (Male) |
| 5:39 | Build | Lumber Camp |
| 5:51 | Create | Villager (Male) |
| 6:32 | Build | House |
| 6:41 | Create | Villager (Male) |
| 7:16 | Build | Mill |
| 7:21 | Create | Villager (Male) |
| 7:22 | Create | Villager (Male) |
| 7:34 | Research | Feudal Age |
| 7:53 | Create | Villager (Male) |
| 8:04 | Build | Mill |
| 9:36 | Create | Villager (Male) |
| 9:44 | Age | Feudal Age |
| 10:06 | Build | Barracks |
| 10:14 | Create | Villager (Male) |
| 10:14 | Create | Villager (Male) |
| 10:25 | Build | Mining Camp |
| 10:34 | Create | Villager (Male) |
| 10:49 | Build | House |
| 11:34 | Build | Mining Camp |
| 11:36 | Create | Militia |
| 11:37 | Create | Militia |
| 11:37 | Create | Militia |
| 11:40 | Research | Man-at-Arms (upgrade) |
| 11:41 | Create | Militia |
| 11:42 | Create | Militia |
| 11:42 | Create | Militia |
| 11:42 | Create | Militia |
| 11:43 | Create | Militia |
| 11:50 | Create | Villager (Male) |
| 11:50 | Create | Villager (Male) |
| 12:05 | Research | Double-Bit Axe |
| 12:23 | Create | Militia |
| 12:56 | Create | Militia |
| 13:00 | Create | Villager (Male) |
| 13:01 | Create | Villager (Male) |
| 13:01 | Create | Villager (Male) |
| 13:11 | Build | Mill |
| 13:23 | Build | Palisade Wall |
| 13:26 | Build | Palisade Wall |
| 13:33 | Build | House |
| 13:41 | Build | House |
| 13:45 | Build | House |
| 13:46 | Build | House |
| 13:48 | Build | House |
| 13:53 | Create | Villager (Male) |
| 13:53 | Create | Villager (Male) |
| 15:14 | Build | Palisade Wall |
| 15:20 | Create | Villager (Male) |
| 15:20 | Create | Villager (Male) |
| 15:25 | Create | Militia |
| 15:25 | Create | Militia |
| 15:25 | Create | Militia |
| 16:29 | Create | Villager (Male) |
| 16:30 | Create | Villager (Male) |
| 16:30 | Create | Villager (Male) |
| 16:44 | Build | Mill |
| 18:03 | Create | Villager (Male) |
| 18:03 | Create | Villager (Male) |
| 18:04 | Create | Villager (Male) |
| 18:09 | Build | Farm |
| 18:10 | Build | Farm |
| 18:10 | Build | Farm |
| 18:10 | Build | Farm |
| 18:10 | Build | Farm |
| 18:11 | Build | Farm |
| 18:35 | Build | Stable |
| 18:57 | Build | Farm |
| 19:40 | Build | House |
| 19:44 | Build | House |
| 19:46 | Build | House |
| 19:53 | Build | Blacksmith |
| 19:59 | Create | Villager (Male) |
| 20:00 | Create | Villager (Male) |
| 21:12 | Create | Spearman |
| 21:13 | Create | Spearman |
| 21:13 | Create | Spearman |
| 21:13 | Create | Spearman |
| 21:13 | Create | Spearman |
| 21:16 | Create | Spearman |
| 21:26 | Create | Villager (Male) |
| 21:26 | Create | Villager (Male) |
| 21:32 | Build | Farm |
| 21:33 | Build | Farm |
| 21:33 | Build | Farm |
| 21:33 | Build | Farm |
| 21:34 | Build | Farm |
| 21:34 | Build | Farm |
| 21:34 | Build | Farm |
| 21:35 | Build | Farm |
| 21:35 | Build | Farm |
| 21:36 | Build | Farm |
| 21:38 | Build | Farm |
| 21:52 | Build | Palisade Wall |
| 21:56 | Build | Palisade Wall |
| 22:05 | Build | Barracks |
| 22:06 | Build | Barracks |
| 22:08 | Build | Barracks |
| 22:15 | Research | Horse Collar |
| 22:56 | Create | Villager (Male) |
| 22:57 | Create | Villager (Male) |
| 22:57 | Create | Villager (Male) |
| 23:01 | Research | Castle Age |
| 23:01 | Create | Villager (Male) |
| 23:02 | Create | Villager (Male) |
| 23:02 | Create | Villager (Male) |
| 23:22 | Build | Palisade Wall |
| 24:38 | Create | Spearman |
| 24:38 | Create | Spearman |
| 24:38 | Create | Spearman |
| 24:38 | Create | Spearman |
| 24:39 | Create | Spearman |
| 24:39 | Create | Spearman |
| 25:41 | Age | Castle Age |
| 25:44 | Research | Pikeman (upgrade) |
| 25:52 | Create | Militia |
| 25:55 | Create | Spearman |
| 25:56 | Create | Spearman |
| 25:56 | Create | Spearman |
| 26:27 | Research | Squires |
| 26:39 | Create | Villager (Male) |
| 26:39 | Create | Villager (Male) |
| 26:52 | Build | Market |
| 26:57 | Build | Monastery |
| 27:07 | Build | Palisade Wall |
| 27:41 | Build | Farm |
| 27:43 | Research | Scale Mail Armor |
| 27:57 | Create | Spearman |
| 27:58 | Create | Spearman |
| 27:58 | Create | Spearman |
| 27:58 | Create | Spearman |
| 27:58 | Create | Spearman |
| 27:59 | Create | Spearman |
Match timeline
| 8:48 | mrbubbles019 · first_building Barracks |
| 9:16 | mrbubbles019 · age_up feudal |
| 9:44 | flaggy flexi · first_building Barracks |
| 9:44 | dntcrysomuch · age_up feudal |
| 10:06 | dntcrysomuch · first_building Barracks |
| 11:33 | mrbubbles019 · first_building Stable |
| 12:04 | flaggy flexi · age_up feudal |
| 12:19 | flaggy flexi · first_building Stable |
| 12:30 | flaggy flexi · wall_segment Palisade Wall x1 |
| 13:05 | NachoFries4886 · first_building Barracks |
| 13:23 | dntcrysomuch · wall_segment Palisade Wall x6 |
| 13:26 | dntcrysomuch · wall_segment Palisade Wall x3 |
| 14:15 | flaggy flexi · wall_segment Palisade Wall x23 |
| 14:45 | NachoFries4886 · first_building Archery Range |
| 15:14 | dntcrysomuch · wall_segment Palisade Wall x7 |
| 18:35 | dntcrysomuch · first_building Stable |
| 20:02 | mrbubbles019 · age_up castle |
| 21:52 | dntcrysomuch · wall_segment Palisade Wall x4 |
| 21:55 | flaggy flexi · wall_segment Stone Wall x16 |
| 21:56 | dntcrysomuch · wall_segment Palisade Wall x8 |
| 23:10 | flaggy flexi · wall_segment Stone Wall x5 |
| 23:22 | dntcrysomuch · wall_segment Palisade Wall x9 |
| 24:22 | flaggy flexi · age_up castle |
| 24:52 | flaggy flexi · first_building Archery Range |
| 25:06 | flaggy flexi · first_building Siege Workshop |
| 25:41 | dntcrysomuch · age_up castle |
| 26:11 | mrbubbles019 · first_building Monastery |
| 26:57 | dntcrysomuch · first_building Monastery |
| 27:07 | dntcrysomuch · wall_segment Palisade Wall x2 |
| 27:30 | flaggy flexi · first_building Castle |
| 28:25 | dntcrysomuch · first_market_buy 100 stone |
| 28:35 | dntcrysomuch · first_building Castle |
| 30:14 | mrbubbles019 · first_building Archery Range |
| 31:58 | dntcrysomuch · first_market_sell 100 wood |
| 32:08 | flaggy flexi · first_building Monastery |
| 32:35 | NachoFries4886 · first_building Monastery |
| 34:16 | NachoFries4886 · first_building Castle |
| 34:26 | flaggy flexi · wall_segment Stone Wall x5 |
| 35:16 | dntcrysomuch · wall_segment Palisade Wall x10 |
| 35:28 | mrbubbles019 · first_market_sell 500 wood |
| 35:50 | mrbubbles019 · first_market_buy 500 food |
| 36:46 | flaggy flexi · wall_segment Stone Wall x10 |
| 36:57 | flaggy flexi · wall_segment Stone Wall x23 |
| 40:17 | mrbubbles019 · age_up imperial |
| 40:20 | NachoFries4886 · first_market_buy 100 food |
| 41:35 | flaggy flexi · resign |
[ AI ANALYSIS · 1 CREDIT ]
What really happened in this match?
Wolo.gg analyzes every decision: build order, eco, micro, common mistakes by bracket. Personalized analysis on WhatsApp or Discord in 30 seconds.
Civ guide
Gurjaras
Perfil
Jugador #4334526